 Dungeon Crawl Stone Soup version 0.19-a0-958-gd69d43c (console) character file.

73866 hourai the Fighter (level 15, -8/138 HPs)
             Began as a White Draconian Gladiator on July 11, 2016.
             Was the Champion of Cheibriados.
             Mangled by a hill giant
             ... wielding a +0 giant club
              (45 damage)
             ... on level 12 of the Dungeon.
             The game lasted 01:08:26 (22783 turns).

hourai the Fighter (White Draconian Gladiator)     Turns: 22783, Time: 01:08:26

Health: -8/138     AC: 17    Str: 35    XL:     15   Next: 5%
Magic:  23/29      EV: 24    Int: 29    God:    Cheibriados [******]
Gold:   1133       SH:  0    Dex: 30    Spells: 4 memorised, 13 levels left

rFire  . . .     SeeInvis .     I - +3 glaive (vamp)
rCold  + . .     Gourm    .     (armour unavailable)
rNeg   . . .     Faith    .     (shield currently unavailable)
rPois  .         Spirit   .     a - +2 hat {MR+}
rElec  .         Dismiss  .     s - +0 cloak
rCorr  .         Reflect  .     S - +1 pair of gloves {archery}
SustAt .         Harm     .     o - +2 pair of boots
MR     ++...                    (no amulet)
Stlth  ++........               y - +5 ring of intelligence
                                f - ring of wizardry

@: drained, very slow, very resistant to hostile enchantments, unstealthy
A: breathe frost, unfitting armour, cold resistance 1, cold-blooded, AC +9
a: Breathe Frost, Bend Time, Temporal Distortion, Slouch, Step From Time,
Renounce Religion


You were on level 12 of the Dungeon.
You worshipped Cheibriados.
Cheibriados was exalted by your worship.
You were not hungry.

You visited 3 branches of the dungeon, and saw 19 of its levels.

You collected 1453 gold pieces.
You spent 320 gold pieces at shops.

Inventory:

Hand Weapons
 I - a +3 vampiric glaive (weapon)
Armour
 a - a +2 hat of magic resistance (worn)
 o - a +2 pair of boots (worn)
 s - a +0 cloak (worn)
 S - a +1 pair of gloves of archery (worn)
Rods
 T - a +3 rod of shadows (10/10)
   (You found it on level 6 of the Lair of Beasts)
Jewellery
 c - an uncursed ring of resist corrosion
 f - a ring of wizardry (left hand)
 n - an uncursed ring of poison resistance
 y - a +5 ring of intelligence (right hand)
 C - a +4 ring of intelligence
 D - a +3 ring of dexterity
 E - an uncursed ring of fire
 O - an uncursed ring of ice
 Q - an uncursed ring of magical power
 X - an uncursed ring of protection from cold
Wands
 U - a wand of lightning (0/15)
 W - a wand of acid (9/15)
Scrolls
 e - 3 scrolls of recharging
 h - 10 scrolls of teleportation
 l - a scroll of magic mapping
 m - 5 scrolls of remove curse
 u - a scroll of blinking
 J - a scroll of amnesia
 K - 3 scrolls of fog
Potions
 i - 4 potions of agility
 j - a potion of cancellation {unknown}
 k - 4 potions of curing
 p - 4 potions of brilliance
 r - a potion of heal wounds
 v - 4 potions of resistance
 x - 3 potions of might
 z - 5 potions of mutation
 B - a potion of lignification {unknown}
 F - 2 potions of ambrosia
 G - 3 potions of flight
Books
 b - a book of Death

   Spells                             Type                      Level
   a - Corpse Rot                     Necromancy                   2
   b - Sublimation of Blood           Necromancy                   2
   c - Agony                          Necromancy                   5
   d - Dispel Undead                  Necromancy                   5
   e - Excruciating Wounds            Charms/Necromancy            5
   f - Bolt of Draining               Conjuration/Necromancy       5
 A - a book of the Sky

   Spells                             Type                      Level
   a - Summon Lightning Spire         Summoning/Air                4
   b - Airstrike                      Air                          4
   c - Silence                        Hexes/Air                    5
   d - Deflect Missiles               Charms/Air                   6
   e - Conjure Ball Lightning         Conjuration/Air              6
   f - Tornado                        Air                          9
 M - a book of Annihilations

   Spells                             Type                      Level
   a - Poison Arrow                   Conjuration/Poison           6
   b - Chain Lightning                Conjuration/Air              8
   c - Lehudib's Crystal Spear        Conjuration/Earth            8
   d - Glaciate                       Conjuration/Ice              9
   e - Fire Storm                     Conjuration/Fire             9
 P - a book of Minor Magic

   Spells                             Type                      Level
   a - Magic Dart                     Conjuration                  1
   b - Blink                          Translocation                2
   c - Call Imp                       Summoning                    2
   d - Repel Missiles                 Charms/Air                   2
   e - Slow                           Hexes                        2
   f - Conjure Flame                  Conjuration/Fire             3
   g - Mephitic Cloud                 Conjuration/Poison/Air       3
 V - a book of Party Tricks

   Spells                             Type                      Level
   a - Summon Butterflies             Summoning                    1
   b - Apportation                    Translocation                1
   c - Tukima's Dance                 Hexes                        3
   d - Alistair's Intoxication        Transmutation/Poison         5
   e - Invisibility                   Hexes                        6
 Y - an Akashic Record

   Spells                             Type                      Level
   a - Dispersal                      Translocation                6
   b - Malign Gateway                 Summoning/Translocation      7
   c - Disjunction                    Translocation                8
   d - Controlled Blink               Translocation                8
Comestibles
 d - 15 bread rations
 g - 8 meat rations
 q - 14 royal jellies
 w - 13 fruits
 H - 7 slices of pizza
 L - 9 chunks of flesh
 Z - a beef jerky


   Skills:
 - Level 14.0(13.9) Fighting
 - Level 14.0(13.9) Polearms
 - Level 1.7 Throwing
 - Level 11.0(10.9) Dodging
 - Level 10.1(10.0) Spellcasting
 - Level 3.4(3.3) Conjurations
 - Level 2.4(2.3) Hexes
 - Level 2.6 Necromancy
 + Level 1.7 Fire Magic
   Level 2.0 Air Magic
   Level 2.2(2.1) Poison Magic
 - Level 9.4(9.3) Invocations


You had 13 spell levels left.
You knew the following spells:

 Your Spells              Type           Power        Failure   Level  Hunger
a - Slow                  Hex            ####....     1%          2    None
c - Fire Storm            Conj/Fire      ####......   100%        9    #######
d - Dispel Undead         Necr           ####....     16%         5    ###....
e - Bolt of Draining      Conj/Necr      ####......   16%         5    ###....


Dungeon Overview and Level Annotations

Branches:
Dungeon (12/15)            Temple (1/1) D:4            Lair (6/6) D:10
  Swamp (0/4) Lair:2        Snake (0/4) Lair:2        Slime (0/5) Lair:6
    Orc (0/2) D:11

Altars:
Ashenzari
Cheibriados
Dithmenos
Elyvilon
Gozag
Hepliaklqana
Kikubaaqudgha
Ru
Xom
Yredelemnul
Zin
The Shining One

Shops:
D:8 :

Annotations:
Lair:6 exclusion: oklob plant


Innate Abilities, Weirdness & Mutations

You can breathe waves of freezing cold.
You can buffet flying creatures when you breathe cold.
Your icy white scales are hard. (AC +9)
Your body does not fit into most forms of armour.
Your flesh is cold resistant. (rC+)
You are cold-blooded and may be slowed by cold attacks.


Message History

Okay, then.
The orc misses you. The orc completely misses you.
You hit the orc. You tail-slap the orc.
You kill the orc!
Cheibriados thoroughly appreciates the change of pace.
The brown ugly thing seems to regain its courage.
The hill giant seems to regain its courage.
The hill giant looks scared stiff.
Attack whom?
Press: ? - help, Dir - move target cursor, f - hill giant
Aim: a hill giant, wielding a giant club (moderately wounded)
You slice the hill giant!!
Your tail-slap misses the hill giant.
The hill giant is heavily wounded.
The hill giant hits you with a giant club.
* * * LOW HITPOINT WARNING * * *
You slash the hill giant!
You feel better.
You tail-slap the hill giant, but do no damage.
The hill giant is severely wounded.
The hill giant hits you with a giant club!!!
You die...

#... # .. . #. ..
#.########...#
#....#=....# ###
#.).##### ..#
###..###### #
#.######...))..[##.#
#........######.@C.#
######.....#
#..)?..# #.###.#
#..)...... ###....#
.># #.....)...
....####
...#.......#. #####
##.........# #
##......... #####
#......#.. ....#
....# ....#


You could see a hill giant.

Vanquished Creatures
  Gastronok (Lair:3)
  2 entropy weavers
  Snorg (Lair:3)
  A fire dragon (Lair:6)
  The ghost of tstbtto the Carver, a journeyman MiFi of Okawaru (D:11)
  6 hydras
  A queen ant (Lair:6)
  5 death yaks (Lair:4)
  Sonja (Lair:3)
  An unseen horror (D:11)
  Pikel (D:6)
  2 hill giants
  A cyclops (D:12)
  2 griffons
  A manticore (D:11)
  Maurice (D:8)
  5 black mambas
  23 elephants
  17 spiny frogs
  4 kobold demonologists (D:11)
  6 komodo dragons
  3 rime drakes
  9 polar bears (Lair:6)
  4 trolls
  5 raiju (Lair:6)
  2 slime creatures (D:12)
  25 blink frogs
  Sigmund (D:2)
  A spriggan (D:9)
  36 yaks
  A vampire (D:11)
  3 wyverns
  6 basilisks
  9 hippogriffs
  A hungry ghost (D:8)
  A steam dragon (D:9)
  20 soldier ants
  A swamp worm (Lair:2)
  6 wargs
  4 mottled dragons
  5 nagas (Lair:2)
  14 water moccasins
  9 porcupines
  4 hell hounds (Lair:6)
  20 black bears
  3 orc warriors
  3 ice beasts
  6 sky beasts
  5 phantoms
  2 swamp drakes (Lair:6)
  3 eyes of draining (D:9)
  2 necrophages
  16 wolves
  9 ogres
  10 centaurs
  20 crocodiles
  4 big kobolds
  15 giant frogs
  7 scorpions
  20 wights
  3 howler monkeys (D:8)
  2 centaur zombies
  3 crimson imps
  3 giant frog zombies
  A giant frog skeleton (D:9)
  19 hounds
  2 jellies
  5 orc priests
  A centaur skeleton (D:8)
  Crazy Yiuf (D:2)
  13 iguanas
  Ijyb (D:2)
  Natasha (D:4)
  13 orc wizards
  27 worker ants
  Terence (D:3)
  A killer bee zombie (D:6)
  2 hound skeletons
  A howler monkey zombie (D:10)
  2 worker ant zombies
  A howler monkey skeleton (D:10)
  19 adders
  21 river rats
  2 shadow imps
  2 oozes
  An adder skeleton (D:4)
  3 worms
  2 dart slugs
  8 giant geckos
  41 orcs
  7 giant cockroaches
  4 goblins
  13 hobgoblins
  3 jackals (D:8)
  20 kobolds
  5 quokkas
  9 ball pythons
  8 bats
  2 giant gecko zombies
  5 giant newts
  A jackal skeleton (D:7)
  A quokka skeleton (D:4)
  A quokka zombie (D:6)
  25 rats
  A spectral orc (D:9)
  A butterfly (Lair:1)
  A plant (Lair:6)
707 creatures vanquished.

Vanquished Creatures (others)
  A wizard (D:11)
  A slave (D:6)
  A centaur (D:6)
  An iguana (D:6)
  A butterfly (Lair:6)
  11 fungi
  20 plants (Lair:6)
36 creatures vanquished.

Grand Total: 743 creatures vanquished

Notes
Turn   | Place    | Note
-------+----------+-------------------------------------------
     0 | D:1      | hourai the Draconian Gladiator began the quest for the Orb.
     0 | D:1      | Reached XP level 1. HP: 17/17 MP: 1/1
   140 | D:1      | Reached XP level 2. HP: 24/24 MP: 2/2
   363 | D:1      | You fall through a shaft!
   552 | D:2      | Reached XP level 3. HP: 15/30 MP: 3/3
   779 | D:2      | Noticed Sigmund
   800 | D:2      | Killed Sigmund
   800 | D:2      | Reached skill level 5 in Fighting
   800 | D:2      | Reached XP level 4. HP: 4/42 MP: 4/4
   800 | D:2      | Reached XP level 5. HP: 5/48 MP: 5/5
  1223 | D:2      | Found a faded altar of an unknown god.
  1231 | D:2      | Became a worshipper of Gozag Ym Sagoz the Greedy
  1255 | D:2      | You fall through a shaft for 2 floors!
  1255 | D:4      | Found a staircase to the Ecumenical Temple.
  1261 | Temple   | Entered the Ecumenical Temple
  1305 | Temple   | Fell from the grace of Gozag
  1305 | Temple   | Became a worshipper of Cheibriados the Contemplative
  1924 | D:3      | Reached XP level 6. HP: 34/57 MP: 6/6
  2084 | D:3      | Reached * piety under Cheibriados
  2425 | D:3      | Noticed Terence
  2438 | D:3      | Killed Terence
  2664 | D:2      | Found a hazy altar of Hepliaklqana.
  2718 | D:2      | Found a runed door.
  2788 | D:2      | Noticed Crazy Yiuf
  2799 | D:2      | Killed Crazy Yiuf
  2942 | D:2      | Noticed Ijyb
  2955 | D:2      | Killed Ijyb
  3175 | D:2      | Reached ** piety under Cheibriados
  3611 | D:3      | Reached *** piety under Cheibriados
  3813 | D:3      | Was forgiven by Gozag
  4101 | D:3      | Your scales start taking on an icy white colour.
  4101 | D:3      | Reached XP level 7. HP: 63/66 MP: 7/7
  4101 | D:3      | Gained mutation: Your flesh is cold resistant. (rC+) [White Draconian growth]
  4343 | D:4      | Found a shadowy altar of Dithmenos.
  4405 | D:4      | Found a white marble altar of Elyvilon.
  4418 | D:4      | Reached **** piety under Cheibriados
  4448 | D:4      | Reached skill level 5 in Dodging
  4603 | D:4      | Noticed an angel
  4604 | D:4      | Noticed Natasha
  4605 | D:4      | Found a glowing silver altar of Zin.
  4605 | D:4      | Found a shimmering altar of Xom.
  4608 | D:4      | Killed Natasha
  4806 | D:5      | Entered Level 5 of the Dungeon
  4817 | D:5      | Reached skill level 5 in Polearms
  4905 | D:5      | Found an opulent altar of Gozag.
  5273 | D:5      | Reached XP level 8. HP: 65/73 MP: 8/8
  6459 | D:6      | Noticed Pikel
  6475 | D:6      | Killed Pikel
  6475 | D:6      | Reached XP level 9. HP: 67/83 MP: 9/9
  6652 | D:6      | Reached ***** piety under Cheibriados
  7843 | D:8      | Reached XP level 10. HP: 91/91 MP: 10/10
  7915 | D:8      | Reached ****** piety under Cheibriados
  7951 | D:8      | Found Mihuethre's Book Shoppe.
  8209 | D:8      | Reached skill level 10 in Fighting
  8440 | D:9      | Noticed Maurice
  8464 | D:8      | Killed Maurice
  9111 | D:9      | Reached skill level 10 in Polearms
  9513 | D:9      | Found a glowing golden altar of the Shining One.
  9513 | D:9      | Found a shattered altar of Ashenzari.
  9561 | D:9      | Found a basalt altar of Yredelemnul.
  9607 | D:10     | Entered Level 10 of the Dungeon
  9627 | D:10     | Reached XP level 11. HP: 97/102 MP: 11/11
 10224 | D:8      | Bought a book of Minor Magic for 320 gold pieces
 10227 | D:8      | Learned a level 2 spell: Slow
 10231 | D:8      | Learned a level 3 spell: Mephitic Cloud
 10364 | D:10     | Reached skill level 1 in Conjurations
 10368 | D:10     | Found a staircase to the Lair.
 10747 | D:10     | Noticed a hill giant
 10752 | D:10     | Killed a hill giant
 10752 | D:10     | Reached skill level 1 in Spellcasting
 11135 | Lair:1   | Entered Level 1 of the Lair of Beasts
 11156 | Lair:1   | You fall through a shaft!
 11275 | Lair:2   | Found a staircase to the Snake Pit.
 11516 | Lair:2   | Reached skill level 5 in Spellcasting
 11535 | Lair:2   | Noticed a seven-headed hydra
 11546 | Lair:2   | Killed a seven-headed hydra
 11546 | Lair:2   | Reached skill level 1 in Air Magic
 11546 | Lair:2   | Reached skill level 1 in Poison Magic
 11877 | Lair:2   | Found a staircase to the Swamp.
 11895 | Lair:2   | Reached skill level 1 in Hexes
 12195 | Lair:2   | Identified a scroll of acquirement
 12303 | Lair:2   | Reached XP level 12. HP: 104/110 MP: 20/20
 13071 | Lair:1   | Noticed an eight-headed hydra
 13091 | Lair:1   | Killed a 19-headed hydra
 13750 | Lair:3   | Noticed Gastronok
 13769 | Lair:3   | Killed Gastronok
 13960 | Lair:3   | Reached skill level 1 in Invocations
 14040 | Lair:3   | Noticed Sonja
 14041 | Lair:3   | Killed Sonja
 14053 | Lair:3   | Reached skill level 5 in Invocations
 14430 | Lair:3   | Noticed Snorg
 14439 | Lair:3   | Killed Snorg
 14578 | Lair:3   | Noticed an eight-headed hydra
 14583 | Lair:3   | Killed a nine-headed hydra
 15000 | Lair:3   | Reached XP level 13. HP: 101/116 MP: 26/26
 15296 | Lair:4   | HP: 2/116 [death yak (12)]
 16302 | Lair:4   | Learned a level 9 spell: Fire Storm
 17205 | Lair:5   | Learned a level 5 spell: Dispel Undead
 17211 | Lair:5   | Learned a level 5 spell: Bolt of Draining
 18167 | Lair:6   | Entered Level 6 of the Lair of Beasts
 18168 | Lair:6   | Noticed an entropy weaver
 18255 | Lair:5   | Killed an entropy weaver
 18691 | Lair:6   | Noticed an entropy weaver
 18703 | Lair:6   | Killed an entropy weaver
 18849 | Lair:6   | Reached XP level 14. HP: 118/126 MP: 27/27
 19214 | Lair:6   | Found a staircase to the Slime Pits.
 20150 | Lair:6   | Reached skill level 10 in Dodging
 20801 | D:11     | Found an opulent altar of Gozag.
 20923 | D:11     | Found a staircase to the Orcish Mines.
 20926 | D:11     | Reached skill level 1 in Necromancy
 21194 | D:11     | Noticed tstbtto's ghost (journeyman MiFi)
 21209 | D:11     | Killed tstbtto's ghost
 21994 | D:11     | Reached skill level 10 in Spellcasting
 22517 | D:11     | Reached XP level 15. HP: 138/138 MP: 29/29
 22759 | D:12     | Reached skill level 1 in Fire Magic
 22783 | D:12     | Mangled by a hill giant

Vault maps used:
D:1:      dpeg_arrival_pond, minmay_misc_feat_secret_circle
D:2:      old_standard_altar, ecumenical_altar_2, minmay_snake_closets,
          uniq_crazy_yiuf_cottage, uniq_sigmund, uniq_iyjb
D:3:      wad_lake_hut, minmay_rat_hole, uniq_terence
D:4:      grunt_temple_overflow_order_and_chaos_1, overflow_temple_1_default,
          first_bread, nicolae_dithmenos_through_a_glass_darkly, uniq_natasha
D:5:      hangedman_decor_opposing, hangedman_decor_riveting,
          grunt_gozag_statues
D:6:      hangedman_decor_peaks_small, uniq_pikel
D:8:      kennysheep_blocky_hall, serial_shops, shop, kennysheep_generic_room_7
D:9:      yredelemnul_forgotten_temple_becter, gammafunk_temple_overflow_wave,
          the_bakery, uniq_maurice
D:10:     dpeg_lair_monsters
D:11:     erik_orc_3, basic_altar, lightli_wizard_tower
Temple:   regret_index_temple_generic_petals
Lair:1:   grunt_megastairs_3, lemuel_fruit_fields
Lair:2:   minmay_swamp_entry_worms, minmay_snake_entry_guardpost_medium,
          serial_bayou_shore_a
Lair:3:   uniq_gastronok, uniq_snorg, uniq_sonja
Lair:4:   st_stairs_4
Lair:5:   lab_entry_generic, small_statue_intersection,
          infiniplex_staircase_pool_2, grunt_megastairs_2
Lair:6:   hangedman_lair_caniforms_friends, guppyfry_lair_end_dragon,
          minmay_slime_entry_oklob_enclosed, zaba_anthell, serial_bayou_shore_b,
          lemuel_fruit_fields, serial_bayou_shore_b

Skill      XL: |  1  2  3  4  5  6  7  8  9 10 11 12 13 14 15 |
---------------+----------------------------------------------+-----
Polearms       | 4 6 8 10 12 14 | 14.0
Fighting       | 5 6 7 9 11 12 14 | 14.0
Dodging        | 3 5 9 11 | 11.0
Conjurations   | 2 3 |  3.4
Spellcasting   | 5 9 10 | 10.1
Air Magic      | 2 |  2.0
Poison Magic   | 2 |  2.2
Hexes          | 2 |  2.4
Invocations    | 7 9 |  9.4
Necromancy     | 2 |  2.6
Fire Magic     | 1 |  1.7
Throwing       | |  1.7

Action                   |  1- 3 |  4- 6 |  7- 9 | 10-12 | 13-15 || total
-------------------------+-------+-------+-------+-------+-------++-------
Melee: Trident           |    56 |   306 |   343 |   500 |       ||  1205
       Tailslap          |     2 |    37 |    79 |   184 |   252 ||   554
       Glaive            |       |       |       |   171 |  1027 ||  1198
Throw: Throwing net      |     3 |     1 |       |     4 |       ||     8
 Cast: Mephitic Cloud    |       |       |       |     1 |       ||     1
       Slow              |       |       |       |       |     2 ||     2
Invok: Potion Petition   |       |     1 |       |       |       ||     1
       Slouch            |       |       |     1 |     4 |    14 ||    19
 Abil: Breathe Frost     |       |       |     2 |     2 |       ||     4
Evoke: Wand              |       |       |       |     3 |     5 ||     8
  Use: Scroll            |       |    12 |     7 |    10 |    13 ||    42
       Potion            |       |       |       |       |     4 ||     4
 Stab: Sleeping          |     1 |     6 |    12 |    14 |    13 ||    46
       Held in net/web   |     1 |       |       |     2 |       ||     3
       Distracted        |       |       |     3 |     5 |     9 ||    17
  Eat: Chunk             |       |     7 |     6 |    14 |    13 ||    40
       Beef jerky        |       |       |     1 |     1 |       ||     2
       Bread ration      |       |       |       |     1 |     1 ||     2
Armor: Skin              |     6 |   107 |    81 |   110 |   332 ||   636
Dodge: Dodged            |    21 |   207 |   249 |   687 |  1447 ||  2611
